 Dungeon Crawl Stone Soup version 0.27-a0-1242-ge70438ac7b (webtiles) character file.

Game seed: 16974732032037607877

105 EiAlmux the Digger (level 4, -1/26 HPs)
             Began as a Gargoyle Earth Elementalist on June 9, 2021.
             Slain by an orc
             ... wielding a +0 dagger
              (4 damage)
             ... on level 2 of the Dungeon.
             The game lasted 00:11:53 (3745 turns).

EiAlmux the Digger (Gargoyle Earth Elementalist)    Turns: 3745, Time: 00:11:53

Health: -1/26      AC:  6    Str: 11    XL:     4   Next: 83%
Magic:  1/7        EV: 11    Int: 17    God:
Gold:   129        SH:  0    Dex: 10    Spells: 2/8 levels left

rFire    . . .     SeeInvis .   a - +0 dagger
rCold    . . .     Faith    .   (no shield)
rNeg     + . .     Spirit   .   c - +0 robe
rPois    ∞         Reflect  .   (no helmet)
rElec    +         Harm     .   (no cloak)
rCorr    .         Rampage  .   d - +0 pair of gloves
Will     .....                  (no boots)
Stlth    +.........             (no amulet)
HPRegen  0.08/turn              i - ring of wizardry
MPRegen  0.10/turn              (no ring)

@: confused
A: sickness immunity, AC +3, negative energy resistance 1, electricity
resistance, torment resistance 1, petrification resistance
a: no special abilities


You were on level 2 of the Dungeon.
You visited 1 branch of the dungeon, and saw 3 of its levels.

You collected 129 gold pieces.

Inventory:

Hand Weapons
 a - a +0 dagger (weapon)
Missiles
 b - 113 stones
 h - 3 atropa-tipped darts
Armour
 c - a +0 robe (worn)
 d - a +0 pair of gloves (worn)
 f - a +0 buckler
Jewellery
 i - a ring of wizardry (left hand)
Wands
 k - a wand of acid (7)
Scrolls
 g - a scroll of identify {unknown}
 l - a scroll of immolation {unknown}
 m - a scroll of noise {unknown}
 o - a scroll of teleportation {unknown}
Potions
 e - a potion of cancellation {unknown}
 j - a potion of flight {unknown}
 n - a potion of magic {unknown}


   Skills:
 - Level 2.0 Fighting
 - Level 1.5 Dodging
 + Level 3.2 Stealth
 + Level 2.6 Spellcasting
 + Level 1.1 Conjurations
 - Level 1.2 Transmutations
 + Level 4.3 Earth Magic


You had 2 spell levels left.
You knew the following spells:

 Your Spells              Type           Power      Damage    Failure   Level
a - Sandblast             Erth           32%        2d9       1%          1
b - Passwall              Tmut/Erth      9%         N/A       3%          2
c - Stone Arrow           Conj/Erth      22%        3d8       8%          3

Your spell library contained the following spells:

 Spells                   Type           Power      Damage    Failure   Level
 Petrify                  Tmut/Erth      11%        N/A       22%         4
 Lee's Rapid Deconstruct  Erth           8%         3d8*      32%         5


Dungeon Overview and Level Annotations

Branches:
Dungeon (3/15)

Altars:


Innate Abilities, Weirdness & Mutations

You are immune to sickness and miasma.
Your stone body is resilient. (AC +3)
You are immune to poison.
You resist negative energy. (rN+)
You are resistant to electric shocks. (rElec)
You are resistant to unholy torment.
You are immune to petrification.


Message History

Aim: an orc wizard, wielding a +0 dagger and wearing a +0 robe (severely wounded, 74% to hit)
The blast of sand misses the orc wizard.
The orc wizard closely misses you. The orc closely misses you.
The orc barely misses you.
Casting: Sandblast (safe; 1% risk of failure)
Confirm with . or Enter, or press ? or * to list all spells.
You don't have enough magic to cast this spell.
Unknown command.
The orc wizard barely misses you.
The orc hits you from afar with a +0 trident.
The orc hits you but does no damage.
You climb upwards.
There is a stone staircase leading down here.
You hit the orc wizard but do no damage.
The orc wizard is severely wounded.
The orc wizard hits you with a +0 dagger.
The orc hits you with a +0 dagger.
You hit the orc wizard.
The orc wizard is almost dead.
The orc wizard points at you and mumbles some strange words.
The magic dart hits you!
* * * LOW HITPOINT WARNING * * *
The orc hits you but does no damage.
You hit the orc wizard but do no damage.
The orc wizard is almost dead.
The orc wizard points at you and mumbles some strange words.
You are confused.
The orc hits you but does no damage.
You closely miss the orc wizard.
The orc wizard is almost dead.
The orc wizard barely misses you. The orc hits you with a +0 dagger.
* * * LOW HITPOINT WARNING * * *
You bump into the rock wall.
The orc wizard hits you but does no damage.
The orc hits you but does no damage.
You are too confused!
You hit the orc but do no damage.
The orc wizard hits you but does no damage.
The orc hits you with a +0 dagger.
You die...

...# #.#### #.##.# '#.# #.#
##.##.# .#.# #.#
######...#.# .#.# #.#
#..P......># ##.# ##.##
#§P......### ...# #...#
#§§PP##.## ##.####...###
#§§.§##.#
.#.##...<...#####o§####.#
.#.##...........@o#####.###
+#.##.......#######.......#
...#......### #.###.#.#
+#.#......# #.# #.#.#
.#.###..###########.# #<#.#
.#.# #.<.........##.# #.#.#
##†# #.#########.##.###.#.#
...# #.# #.##.#...#.# ##.#
#.# #.##.#.###.#


You could see an orc wizard and an orc.

Vanquished Creatures
  4 adders
  An adder skeleton (D:2)
  2 adder zombies (D:2)
  An orc (D:3)
  2 bats
  4 endoplasms
  2 giant cockroaches
  5 goblins
  8 hobgoblins
  4 jackals
  2 quokkas
  6 ball pythons
  2 ball python skeletons (D:2)
  2 frilled lizards (D:1)
  7 kobolds
  A quokka skeleton (D:2)
  A quokka zombie (D:2)
  4 rats
58 creatures vanquished.

Vanquished Creatures (others)
  A withered plant (D:2)
1 creature vanquished.

Grand Total: 59 creatures vanquished

Notes
Turn   | Place    | Note
-------+----------+-------------------------------------------
     0 | D:1      | EiAlmux the Gargoyle Earth Elementalist began the quest for
                  | the Orb.
     0 | D:1      | Reached XP level 1. HP: 10/10 MP: 3/3
   607 | D:1      | Reached XP level 2. HP: 10/16 MP: 1/5
   610 | D:1      | Learned a level 2 spell: Passwall
   792 | D:1      | Reached skill level 1 in Fighting
   792 | D:1      | Reached skill level 1 in Transmutations
  1610 | D:2      | Reached XP level 3. HP: 12/20 MP: 4/6
  1614 | D:2      | Learned a level 3 spell: Stone Arrow
  1966 | D:2      | Found a faded altar of an unknown god.
  2711 | D:2      | Reached skill level 4 in Earth Magic
  2744 | D:2      | Reached XP level 4. HP: 22/26 MP: 7/7
  3640 | D:3      | Reached skill level 1 in Conjurations
  3745 | D:2      | Slain by an orc

Illustrated notes

Levels and vault maps discovered:
D:1:      dpeg_arrival_rhombi, layout_basic
D:2:      minmay_door_path, layout_loops_ring, serial_undead, serial_undead_d,
          serial_undead_b, serial_undead_b, serial_undead_a, serial_undead_a,
          serial_undead_b, basic_ecumenical_altar, grunt_decor_junction
D:3:      layout_rooms, gammafunk_temple_overflow_wave,
          kennysheep_generic_room_5

Skill      XL: |  1  2  3  4 |
---------------+-------------+-----
Fighting       | 1 2 |  2.0
Transmutations | 1 |  1.2
Earth Magic    | 4 |  4.3
Stealth        | 3 |  3.2
Conjurations   | 1 |  1.1
Dodging        | |  1.5
Spellcasting   | |  2.6

Action                   |  1- 3 |  4- 6 || total
-------------------------+-------+-------++-------
Melee: Unarmed           |    26 |       ||    26
       Dagger            |   178 |    79 ||   257
 Cast: Sandblast         |    13 |    23 ||    36
 Stab: Sleeping          |     9 |     2 ||    11
Armor: Robe              |   112 |    41 ||   153
Dodge: Dodged            |   131 |    58 ||   189

Table legend: (Time is in decaauts)
 A = Elapsed time spent in this place.
 B = Non-inter-level travel time spent in this place.
 C = Inter-level travel time spent in this place.
 D = Time resting spent in this place.
 E = Time spent auto-exploring this place.
 F = Levels seen in this place.
 G = Mean time per level.
                   A        B        C        D        E       F      G
               +--------+--------+--------+--------+--------+-----+--------+
         Total |   3745 |   3694 |     51 |    100 |   2929 |   3 | 1248.3 |
       Dungeon |   3745 |   3694 |     51 |    100 |   2929 |   3 | 1248.3 |
               +--------+--------+--------+--------+--------+-----+--------+

Top non-repeatable levels by time:
     D:1: 1591 daAuts
     D:2: 1578 daAuts
     D:3: 575 daAuts
